Match 21362018
Unlisted

Match 21362018
End
Construct Infanterie Kompanie
Kettenkrad Recon Vehicle
Grenadier Squad
Grenadier Squad
Selects Breakthrough Battlegroup
Selects Breakthrough Battlegroup
Selects Assault Grenadiers
Grenadier Squad
Construct Panzergrenadier Kompanie
Panzergrenadier Squad
Support Elements
Selects Smoke Bombing Run
Selects Mechanized Assault Group
Mechanized Assault Group
Smoke Bombing Run
Jesulin
Murloc Swolefin
我小叮当今晚要搞事!
jianzi
silentbreacher
war
0
0

Comments sign in to comment!

No comments posted yet!